 Dungeon Crawl Stone Soup version 0.13-a0-2244-g236abbe (webtiles) character file.

202 JacquesDerrida the Poker (level 5, 0/39 HPs)
             Began as a Merfolk Skald on July 5, 2013.
             Slain by a ball python (2 damage)
             ... on Level 3 of the Dungeon.
             The game lasted 00:03:37 (1829 turns).

JacquesDerrida the Poker (Merfolk Skald)            Turns: 1829, Time: 00:03:37

HP   0/39        AC  3     Str 12      XL: 5   Next: 13%
MP   2/8         EV 10     Int 18      God:
Gold 72          SH  0     Dex 13      Spells:  1 memorised,  7 levels left

Res.Fire  : . . .   See Invis. : .   l - +0,+1 orc spear
Res.Cold  : . . .   Warding    : .   b - +0 leather armour
Life Prot.: . . .   Conserve   : .   (no shield)
Res.Poison: .       Res.Corr.  : .   (no helmet)
Res.Elec. : .       Clarity    : .   (no cloak)
Sust.Abil.: . .     Spirit.Shd : .   (no gloves)
Res.Mut.  : .       Stasis     : .   (no boots)
Res.Rott. : .       Flight     : .   (no amulet)
Saprovore : . . .                    j - ring of protection from magic {unknown}
                                     g - ring of wizardry

@: confused, brilliant, constricted, somewhat resistant to hostile enchantments,
extremely unstealthy
A: change form in water, swift swim
a: no special abilities


You were on level 3 of the Dungeon.
You were not hungry.

You visited 1 branch of the dungeon, and saw 3 of its levels.

You collected 52 gold pieces.

Inventory:

Hand weapons
 a - a +0,+0 spear {=f}
 f - a cursed -3,+0 scythe
 l - a +0,+1 orcish spear (weapon)
Armour
 b - a +0 leather armour (worn)
 k - a +1 robe of cold resistance
Comestibles
 d - 2 bread rations
 m - a chunk of hobgoblin flesh
Scrolls
 e - 2 scrolls of enchant weapon I {unknown}
 h - a scroll of recharging {unknown}
 i - a scroll of random uselessness {unknown}
 n - a scroll of identify {unknown}
 p - a scroll of teleportation {unknown}
 r - a scroll of enchant armour {unknown}
 s - a scroll of curse jewellery {unknown}
Jewellery
 g - a ring of wizardry (left hand)
 j - a ring of protection from magic (right hand) {unknown}
Books
 c - a book of Battle

   Spells                             Type                      Level
   *Infusion                          Charms                       1
   Shroud of Golubria                 Charms/Translocation         2
   Song of Slaying                    Charms                       2
   Spectral Weapon                    Hexes/Charms                 3
   Regeneration                       Charms/Necromancy            3
   Song of Shielding                  Charms                       5


   Skills:
 - Level 2.1 Fighting
 + Level 7.5 Polearms
 - Level 0.6 Armour
 - Level 1.3 Dodging
 - Level 2.0 Spellcasting
 - Level 3.2 Charms


You had 7 spell levels left.
You knew the following spells:

 Your Spells              Type           Power        Failure   Level  Hunger
a - Infusion              Chrm           ###...       1%          1    #......


Dungeon Overview and Level Annotations

Branches:
Dungeon (3/27)

Altars:


Message History

The magic dart hits you!
* * * LOW HITPOINT WARNING * * *
The ball python barely misses you. The ball python closely misses you.
Drink which item? (? for menu, Esc to quit)
You are confused.
It was a potion of confusion.
The orc wizard mumbles some strange words.
The orc wizard blinks!
The ball python bites you but does no damage.
* * * LOW HITPOINT WARNING * * *
The ball python grabs you.
* * * LOW HITPOINT WARNING * * *
The ball python constricts you. The orc wizard casts a spell at you.
The magic dart hits you!
* * * LOW HITPOINT WARNING * * *
Drink which item? (? for menu, Esc to quit)
You feel more clever all of a sudden.
It was a potion of brilliance.
The ball python bites you.
You die...

#.. #.... #..? #... . ...
...# #.. ...# #.# #.(# #S#
#..# #@###..# .... ..
#.ยง....# #.#.### ...
#....o.##### .......
....###......#...# .......
..............#...#
..........................#
....# ................#...#
....# #.........%...^>...#
....# #..............#####


You could see an orc wizard and a ball python.

Vanquished Creatures
  Sigmund (D:2)
  An adder (D:3)
  2 giant geckos (D:2)
  3 orcs (D:3)
  3 giant cockroaches
  3 hobgoblins (D:2)
  3 jackals (D:1)
  2 kobolds
  A quokka (D:2)
  6 bats
  3 giant newts
  8 goblins
  12 rats
48 creatures vanquished.

Notes
Turn   | Place    | Note
--------------------------------------------------------------
     0 | D:1      | JacquesDerrida, the Merfolk Skald, began the quest for the Orb.
     0 | D:1      | Reached XP level 1. HP: 16/16 MP: 2/2
   399 | D:1      | Reached skill level 4 in Polearms
   399 | D:1      | Reached XP level 2. HP: 20/22 MP: 0/4
   953 | D:2      | Reached XP level 3. HP: 25/27 MP: 5/5
   972 | D:2      | Reached skill level 5 in Polearms
  1125 | D:2      | Noticed Sigmund
  1158 | D:2      | Killed Sigmund
  1158 | D:2      | Reached skill level 7 in Polearms
  1158 | D:2      | Reached XP level 4. HP: 2/34 MP: 1/7
  1771 | D:3      | Reached XP level 5. HP: 32/39 MP: 8/8
  1829 | D:3      | Slain by a ball python

Action                   |  1- 3 |  4- 6 || total
-------------------------+-------+-------++-------
Melee: Spear             |   149 |    59 ||   208
 Cast: Infusion          |     2 |     1 ||     3
  Use: Potion            |     4 |     2 ||     6
 Stab: Sleeping          |     1 |     1 ||     2
